 Dungeon Crawl Stone Soup version 0.25-a0-719-gde951dce62 (webtiles) character file.

Game seed: 5830334540505436091, levelgen mode: deterministic

206120 Fukker the Lord of Darkness (level 18, -13/132 HPs)
             Began as a Demonspawn Necromancer on Mar 19, 2020.
             Was the Champion of Kikubaaqudgha.
             Mangled by a vault warden (illusionary)
             ... wielding a +0 halberd
              (29 damage)
             ... on level 1 of the Vaults on Apr 6, 2020.
             The game lasted 03:50:11 (40984 turns).

Fukker the Lord of Darkness (DsNe)                 Turns: 40984, Time: 03:50:14

Health: -13/132    AC: 12    Str:  8    XL:     18   Next: 6%
Magic:  10/39      EV: 26    Int: 24    God:    Kikubaaqudgha [******]
Gold:   2578       SH:  5    Dex: 15    Spells: 1/33 levels left

rFire    . . .     SeeInvis .   V - +9 demon trident (pain)
rCold    + . .     Gourm    .   I - +0 buckler
rNeg     . . .     Faith    .   W - +2 robe {rC+}
rPois    .         Spirit   .   x - +0 helmet
rElec    +         Reflect  .   (no cloak)
rCorr    .         Harm     .   p - +1 pair of gloves
MR       +....                  (boots unavailable)
Stlth    ++++++....             D - amulet of magic regeneration
HPRegen  0.32/turn              t - ring of magical power
MPRegen  0.51/turn              w - ring of Phasing {EV+8}

@: about to teleport, very slightly contaminated, lightly drained
A: hooves 3, thin metallic scales 3, nightstalker 3, spiny 2
}: 1/15 runes: gossamer
a: Receive Corpses, Torment, Renounce Religion


You were on level 1 of the Vaults.
You worshipped Kikubaaqudgha.
Kikubaaqudgha was exalted by your worship.
You were not hungry.

You visited 7 branches of the dungeon, and saw 31 of its levels.
You also visited: Ossuary.

You collected 3478 gold pieces.
You spent 900 gold pieces at shops.

Inventory:

Hand Weapons
 E - a +5 dagger
 V - a +9 demon trident of pain (weapon)
Missiles
 q - 10 curare-tipped darts (quivered)
Armour
 p - a +1 pair of gloves (worn)
 x - a +0 helmet (worn)
 I - a +0 buckler (worn)
 W - a +2 robe of cold resistance (worn)
Jewellery
 d - an uncursed amulet of regeneration
 f - an uncursed ring of poison resistance
 h - an uncursed ring of fire
 t - a ring of magical power (left hand)
 w - the ring of Phasing (right hand) {EV+8}
   (You found it on level 1 of the Orcish Mines)

   [ring of evasion]

   It affects your evasion (+8).
 C - an uncursed ring of ice
 D - an amulet of magic regeneration (around neck)
 L - an uncursed ring of see invisible
Wands
 e - a wand of enslavement (9)
 A - a wand of disintegration (41)
 O - a wand of polymorph (13)
 P - a wand of scattershot (8)
 R - a wand of clouds (3)
 U - a wand of paralysis (15)
 X - a wand of iceblast (3)
 Y - a wand of digging (7)
Scrolls
 a - 7 scrolls of vulnerability
 b - 4 scrolls of fog
 j - 7 scrolls of magic mapping
 k - 20 scrolls of remove curse
 l - 7 scrolls of enchant armour
 n - 7 scrolls of teleportation
 o - 2 scrolls of blinking
 s - a scroll of torment
 y - 13 scrolls of identify
 z - a scroll of summoning
 G - 4 scrolls of fear
 K - 8 scrolls of amnesia
 T - 3 scrolls of enchant weapon
Potions
 g - 4 potions of might
 i - a potion of mutation
 m - 8 potions of stabbing
 r - 2 potions of cancellation
 u - a potion of ambrosia
 v - 9 potions of flight
 B - 11 potions of brilliance
 H - 8 potions of curing
 J - 3 potions of invisibility
 M - 4 potions of haste
 N - 3 potions of berserk rage
 Q - a potion of heal wounds
 S - 4 potions of resistance
Miscellaneous
 Z - a phantom mirror
Comestibles
 c - 14 rations


   Skills:
 + Level 9.3(9.0) Fighting
 - Level 8.0(7.7) Short Blades
 + Level 13.6(13.3) Polearms
 - Level 3.2(3.0) Throwing
 - Level 6.0(5.8) Armour
 + Level 9.7(9.4) Dodging
 - Level 7.0(6.7) Stealth
 - Level 5.3(5.0) Shields
 - Level 8.0(7.8) Spellcasting
   Level 6.1(5.8) Charms
 - Level 7.4(7.1) Summonings
 + Level 15.6(15.3) Necromancy
 - Level 5.1(4.8) Ice Magic
 - Level 5.1(4.8) Air Magic
 - Level 5.0(4.7) Earth Magic
 + Level 1.1(0.8) Evocations


You had one spell level left.
You knew the following spells:

 Your Spells              Type           Power        Failure   Level  Hunger
a - Pain                  Necr           ####         0%          1    None
b - Animate Skeleton      Necr           N/A          0%          1    None
c - Vampiric Draining     Necr           ######....   1%          3    None
d - Animate Dead          Necr           N/A          1%          4    ###....
e - Borgnjor's Vile Clut  Necr/Erth      ######....   3%          5    #####..
f - Dispel Undead         Necr           ######..     1%          4    ###....
g - Summon Butterflies    Summ           #####...     1%          1    None
h - Summon Lightning Spi  Summ/Air       #####...     5%          4    ###....
i - Summon Ice Beast      Ice/Summ       #####...     5%          4    ###....
j - Agony                 Necr           ######..     1%          5    #####..

Your spell library contained the following spells:

 Spells                   Type           Power        Failure   Level  Hunger
 Summon Small Mammal      Summ           ####         1%          1    None
 Shock                    Conj/Air       ###.         2%          1    None
 Apportation              Tloc           #.....       7%          1    None
 Beastly Appendage        Tmut           #.....       7%          1    None
 Corona                   Hex            #......      7%          1    None
 Call Imp                 Summ           #####...     1%          2    None
 Sublimation of Blood     Necr           ######....   1%          2    None
 Swiftness                Chrm/Air       #####...     1%          2    None
 Call Canine Familiar     Summ           #####...     1%          3    None
 Excruciating Wounds      Chrm/Necr      ######....   2%          5    #####..
 Ensorcelled Hibernation  Hex/Ice        ###...       3%          2    None
 Summon Guardian Golem    Hex/Summ       ####....     4%          3    None
 Static Discharge         Conj/Air       ###.....     8%          3    None
 Airstrike                Air            ####......   9%          4    ###....
 Sticks to Snakes         Tmut           #.......     10%         2    None
 Confusing Touch          Hex            #.......     21%         3    None
 Dazzling Flash           Conj/Hex       #.....       21%         3    None
 Lesser Beckoning         Tloc           #.........   21%         3    None
 Spider Form              Tmut/Pois      #.........   21%         3    None
 Tukima's Dance           Hex            #.......     21%         3    None
 Ice Form                 Ice/Tmut       ###.....     24%         4    ###....
 Summon Mana Viper        Hex/Summ       ####....     38%         5    #####..
 Iskenderun's Battlesphe  Conj/Chrm      ###.....     50%         5    #####..
 Lightning Bolt           Conj/Air       ###.......   56%         5    #####..
 Bolt of Magma            Conj/Fire/Erth ###.......   67%         5    #####..
 Alistair's Intoxication  Tmut/Pois      #.......     88%         5    #####..
 Blade Hands              Tmut           #.........   88%         5    #####..
 Summon Hydra             Summ           #####.....   96%         7    #######
 Iron Shot                Conj/Erth      ###.......   98%         6    ######.
 Invisibility             Hex            #.......     100%        6    ######.
 Orb of Destruction       Conj           #.........   100%        7    #######
 Spellforged Servitor     Conj/Summ      ####......   100%        7    #######


Dungeon Overview and Level Annotations

Branches:
Dungeon (14/15)            Temple (1/1) D:4            Lair (6/6) D:9
 Shoals (3/4) Lair:4       Spider (4/4) Lair:2        Slime (0/5) Lair:5
    Orc (2/2) D:11            Elf (0/3) Orc:2        Vaults (1/5) D:14
Ossuary (visited)

Altars:
Ashenzari
Cheibriados
Dithmenos
Elyvilon
Fedhas
Gozag
Hepliaklqana
Kikubaaqudgha
Makhleb
Nemelex Xobeh
Okawaru
Qazlal
Ru
Sif Muna
Trog
Uskayaw
Vehumet
Wu Jian
Xom
Yredelemnul
Zin
The Shining One
Jiyva

Shops:
D:4 [   D:5 ?   Orc:2 *?[}*

Portals:
Abyss: Orc:1
Pandemonium: Orc:2


Innate Abilities, Weirdness & Mutations

You have hooves in place of feet.
You are completely covered in thin metallic scales. (AC +4, rElec)
You are completely attuned to the shadows.
You are mostly covered in sharp spines.


Message History

You block the bolt.
The vault warden hits you from afar with a +0 halberd!!
* * * LOW HITPOINT WARNING * * *
Two slime creatures merge to form a large slime creature.
You see here a bolt.
As you read the scroll of teleportation, it crumbles to dust.
You feel strangely unstable.
The rakshasa weaves an illusion.
The vault warden shimmers and seems to become two!
The vault warden closely misses you.
Blink to where?
Press: ? - help, Dir - move target cursor You are very lightly contaminated with residual magic.
As you read the scroll of blinking, it crumbles to dust. 2 yaktaurs and a salamander come into view.
The yaktaur shoots a bolt.
The bolt closely misses you. The yaktaur completely misses you.
The vault warden hits you from afar with a +0 halberd!!
You die...
Kikubaaqudgha rasps: "You have failed me!
Welcome... death!"

### #..
......# #..
.. ......R.#
#..
...........#
'..
.#.#N#.#.#.#
#..
.....c.....#
#@#.#.#.#
......pR...#
./......p..#
...........#
....c...ยง..#
#####J##
.oO.. ..p....
#######


You could see 2 vault wardens, a rakshasa, a salamander and 2 yaktaurs.

Vanquished Creatures
  Arachne (Spider:3)
  Rupert (Lair:6)
  Asterion (Spider:3)
  A vault warden (D:14)
  4 ghost moths
  An emperor scorpion (Spider:4)
  2 ironheart preservers
  The ghost of mora the Blocker, a journeyman DDFi of Makhleb (Orc:1)
  3 entropy weavers
  3 spark wasps
  2 merfolk javelineers
  A merfolk impaler (Shoals:2)
  Snorg (Orc:2)
  A fire dragon (Lair:6)
  An ice dragon (Lair:6)
  An ogre mage (D:14)
  A vault guard (Vaults:1)
  Harold (Orc:1)
  6 hydras
  2 merfolk avatars (Shoals:1)
  2 alligator snapping turtles
  A centaur warrior (D:14)
  2 satyrs
  A death yak (D:9)
  4 two-headed ogres
  A queen ant (Spider:4)
  Urug (Orc:1)
  6 orc high priests (Orc:2)
  Sonja (Lair:5)
  3 skeletal warriors
  A sixfirhy (Orc:2)
  A soul eater (Orc:2)
  4 sea snakes
  An infernal demonspawn (Orc:2)
  A sea snake (shapeshifter) (D:13)
  4 unseen horrors
  A glowing orange brain (Orc:1)
  An orange crystal statue (Lair:2)
  An ironbrand convoker (Vaults:1)
  2 wizards
  A deep elf archer (Vaults:1)
  A gelid demonspawn (Orc:2)
  8 orc knights
  13 harpies (Shoals:2)
  A phantasmal warrior (D:12)
  Pikel (D:6)
  13 orb spiders
  3 deep elf magi
  2 lindwurms (Lair:6)
  20 wolf spiders
  7 orc sorcerers (Orc:2)
  An oklob plant (Lair:1)
  2 cyclopes
  4 manticores
  A moth of wrath (Spider:4)
  6 elephants (Lair:5)
  7 ugly things
  4 black mambas
  A worldbinder (Orc:1)
  3 merfolk sirens
  A vault sentinel (Vaults:1)
  3 torpor snails (Lair:6)
  An ice statue (D:8)
  2 water nymphs
  A gargoyle (D:11)
  5 spiny frogs
  A molten gargoyle (D:9)
  3 centaur skeletons
  2 rime drakes
  A freezing wraith (D:14)
  3 komodo dragons
  A yaktaur (D:14)
  5 demonic crawlers
  A hellwing (Orc:2)
  A wind drake (shapeshifter) (Orc:1)
  3 meliai (Spider:2)
  17 jumping spiders
  17 merfolk
  A wolf spider simulacrum (D:14)
  8 trolls
  2 wind drakes (Shoals:3)
  14 hornets
  2 tyrant leeches (Lair:6)
  Prince Ribbit (D:5)
  2 polar bears
  9 blink frogs
  A slime creature (Vaults:1)
  3 snapping turtles
  11 dream sheep
  8 hippogriffs
  A raiju (Orc:1)
  A spriggan (shapeshifter) (D:14)
  26 tarantellas
  A wraith (D:10)
  2 wyverns
  4 water elementals
  Sigmund (D:6)
  36 redbacks
  A basilisk (D:13)
  32 yaks
  A fire elemental (Lair:1)
  A chaos spawn (Orc:2)
  3 steam dragons
  A neqoxec (Orc:2)
  3 wargs
  15 soldier ants (Spider:4)
  9 water moccasins
  9 porcupines
  3 acid dragons
  2 sky beasts
  A swamp drake (Lair:6)
  4 ice beasts
  26 orc warriors
  A black bear (D:8)
  A phantom (D:12)
  3 slaves (D:6)
  The ghost of terminal the Shield-Bearer, an amateur MiFi (D:3)
  2 necrophages (D:10)
  An eye of draining (D:13)
  20 ogres
  A boggart (D:14)
  16 centaurs
  5 big kobolds
  9 crocodiles
  14 bullfrogs
  Blork the orc (D:5)
  A wyvern zombie (D:12)
  17 scorpions
  2 troll zombies (D:11)
  21 killer bees
  17 wights
  2 vampire bats (Lair:3)
  3 howler monkeys (D:8)
  2 electric eels
  7 crimson imps
  A lava snake (Lair:2)
  8 centaur zombies
  4 jellies
  8 hounds
  2 human zombies (Ossuary)
  19 orc priests
  15 orc wizards
  2 gnoll shamans
  7 iguanas
  3 bullfrog skeletons
  Natasha (thrice) (D:2)
  30 worker ants
  4 ogre zombies (D:11)
  4 big kobold zombies (Ossuary)
  3 mummies (Ossuary)
  2 hound skeletons (D:7)
  A worker ant zombie (D:10)
  Robin (D:2)
  A howler monkey zombie (D:10)
  23 gnolls
  A howler monkey skeleton (D:4)
  A scorpion zombie (Ossuary)
  16 adders
  A hound simulacrum (D:3)
  4 shadow imps
  A white imp (D:3)
  2 worker ant simulacra (D:3)
  2 oozes (D:3)
  2 adder skeletons
  2 worms
  A dart slug (D:4)
  7 leopard geckos
  56 orcs
  9 bats
  6 giant cockroaches
  A gnoll zombie (Ossuary)
  17 goblins
  12 hobgoblins
  14 jackals
  11 kobolds
  3 quokkas
  3 ball pythons
  2 frilled lizards
  2 giant cockroach simulacra (D:3)
  A goblin skeleton (D:11)
  3 goblin zombies
  4 hobgoblin zombies
  2 kobold zombies (Ossuary)
  2 leopard gecko zombies
  An orc skeleton (D:11)
  10 orc zombies
  A quokka zombie (D:8)
  10 rats
  A rat zombie (D:8)
  A fire vortex (Lair:1)
  2 fungi
  2 plants
990 creatures vanquished.

Vanquished Creatures (collateral kills)
  An emperor scorpion (Spider:4)
  An entropy weaver (Spider:4)
  A spark wasp (Spider:4)
  3 hydras
  2 alligator snapping turtles (Shoals:1)
  A merfolk avatar (Shoals:3)
  A death knight (D:12)
  A centaur warrior (D:14)
  A two-headed ogre (D:13)
  2 death yaks (D:9)
  A deep elf knight (D:14)
  A sea snake (Shoals:1)
  A swamp dragon (Lair:6)
  An orb spider (Spider:4)
  A wolf spider (Spider:1)
  7 harpies (Shoals:2)
  3 fauns (Shoals:1)
  2 manticores (Shoals:2)
  3 merfolk sirens
  Psyche (D:8)
  A vault sentinel (Vaults:1)
  5 elephants (Lair:5)
  2 torpor snails (Lair:6)
  Joseph (D:8)
  A centaur skeleton (D:12)
  2 spiny frogs
  A rime drake (Lair:6)
  An ice devil (Orc:2)
  A komodo dragon (D:10)
  2 demonic crawlers (Spider:4)
  2 jumping spiders (Spider:1)
  A tyrant leech (Lair:6)
  A wind drake (Shoals:1)
  2 hornets
  6 merfolk
  4 blink frogs (Lair:6)
  2 hippogriffs
  2 dream sheep (Lair:5)
  7 redbacks
  3 tarantellas
  2 wraiths
  A steam dragon (Lair:6)
  A basilisk (Lair:6)
  15 yaks
  A hungry ghost (D:14)
  A warg (Orc:2)
  5 soldier ants
  An acid dragon (Lair:6)
  2 porcupines
  5 orc warriors
  An eye of draining (D:14)
  5 ogres
  A phantom (D:11)
  6 crocodiles
  3 centaurs
  2 bullfrogs
  A gnoll sergeant (D:8)
  A wyvern skeleton (D:11)
  A troll zombie (D:11)
  4 wights
  A crimson imp (D:7)
  2 lava snakes (Lair:2)
  A hound (D:14)
  An orc priest (Orc:2)
  5 worker ants (Spider:4)
  An ogre zombie (D:11)
  A shadow imp (D:8)
  An adder skeleton (D:9)
  A leopard gecko (D:11)
  9 orcs
  A goblin zombie (D:11)
  An orc skeleton (D:11)
  6 orc zombies (D:11)
  3 bushes
  A fungus (Lair:2)
  4 plants (Lair:6)
180 creatures vanquished.

Vanquished Creatures (others)
  A ghost moth (Spider:4)
  A two-headed ogre (Vaults:1)
  A slave (D:6)
  An adder (D:6)
  A ball lightning (Shoals:3)
  A hobgoblin skeleton (D:11)
  An orc skeleton (D:11)
  An orc zombie (D:11)
  4 fungi
  15 plants
27 creatures vanquished.

Grand Total: 1197 creatures vanquished

Notes
Turn   | Place    | Note
-------+----------+-------------------------------------------
     0 | D:1      | Fukker the Demonspawn Necromancer began the quest for the
                  | Orb.
     0 | D:1      | Reached XP level 1. HP: 13/13 MP: 3/3
   583 | D:1      | Gained mutation: You are slightly more attuned to the
                  | shadows. [demonic ancestry]
   583 | D:1      | Reached XP level 2. HP: 19/19 MP: 5/5
   648 | D:1      | Learned a level 1 spell: Animate Skeleton
   762 | D:1      | Reached skill level 5 in Necromancy
  1420 | D:1      | Reached XP level 3. HP: 21/24 MP: 2/6
  1747 | D:2      | Noticed Natasha
  1757 | D:2      | Killed Natasha
  1757 | D:2      | Noticed Robin
  1760 | D:2      | Found an ornate altar of the Wu Jian Council.
  1917 | D:1      | Learned a level 3 spell: Vampiric Draining
  2015 | D:2      | Reached XP level 4. HP: 22/31 MP: 4/8
  2141 | D:2      | Found a radiant altar of Vehumet.
  2144 | D:2      | Found a shattered altar of Ashenzari.
  2145 | D:2      | Found a basalt altar of Yredelemnul.
  2149 | D:2      | Found a white marble altar of Elyvilon.
  2530 | D:2      | Killed Robin
  2736 | D:2      | Noticed Natasha
  2742 | D:2      | Killed Natasha
  2910 | D:2      | Reached skill level 1 in Fighting
  2914 | D:2      | Gained mutation: You have large cloven feet. [demonic
                  | ancestry]
  2914 | D:2      | Reached XP level 5. HP: 20/37 MP: 0/10
  3014 | D:2      | Noticed Natasha
  3019 | D:2      | Killed Natasha
  3976 | D:3      | Reached skill level 6 in Necromancy
  4004 | D:3      | Found a runed translucent gate.
  4031 | D:3      | Noticed terminal's ghost (amateur MiFi)
  4059 | D:3      | Found a runed translucent gate.
  4059 | D:3      | Found a runed translucent gate.
  4484 | D:4      | Reached XP level 6. HP: 22/43 MP: 7/12
  4490 | D:4      | Learned a level 4 spell: Animate Dead
  4494 | D:4      | Found Foshrietal's Gadget Shoppe.
  4531 | D:4      | Found a transporter.
  4826 | D:4      | Found a hazy altar of Hepliaklqana.
  4874 | D:4      | Found a staircase to the Ecumenical Temple.
  4890 | Temple   | Entered the Ecumenical Temple
  4996 | D:4      | Found Tymniot's Antique Armour Boutique.
  5213 | D:4      | Found a sacrificial altar of Ru.
  5226 | D:4      | Found a transporter.
  5450 | D:5      | Entered Level 5 of the Dungeon
  5521 | D:4      | Upgraded the game from 0.25-a0-632-g7713895373 to
                  | 0.25-a0-663-gace7076f2c
  5703 | D:5      | Found Sanof's Magic Scroll Emporium.
  5703 | D:5      | Noticed Prince Ribbit
  6038 | D:3      | Reached XP level 7. HP: 8/50 MP: 14/14
  6418 | D:3      | Killed terminal's ghost
  6418 | D:3      | Reached skill level 5 in Spellcasting
  6530 | D:5      | Reached skill level 1 in Throwing
  6530 | D:5      | Reached skill level 7 in Necromancy
  7438 | D:5      | Killed Prince Ribbit
  7510 | D:5      | Found an ancient bone altar of Kikubaaqudgha.
  7515 | D:5      | Became a worshipper of Kikubaaqudgha
  7531 | D:5      | Gained mutation: You are partially covered in sharp spines.
                  | [demonic ancestry]
  7531 | D:5      | Reached XP level 8. HP: 23/58 MP: 6/15
  7722 | D:5      | Reached skill level 1 in Evocations
  7732 | D:5      | Bought a scroll of blinking for 97 gold pieces
  7732 | D:5      | Bought a scroll of identify for 26 gold pieces
  7779 | D:5      | Noticed Blork the orc
  7788 | D:5      | Killed Blork the orc
  7853 | D:5      | Found a glowing silver altar of Zin.
  7964 | D:6      | Noticed Sigmund
  8015 | D:6      | Killed Sigmund
  8015 | D:6      | Reached skill level 8 in Necromancy
  8336 | D:6      | Noticed Pikel
  8347 | D:6      | Killed Pikel
  8347 | D:6      | Reached skill level 9 in Necromancy
  8426 | D:6      | Gained mutation: You are partially covered in thin metallic
                  | scales. (AC +2) [demonic ancestry]
  8426 | D:6      | Reached XP level 9. HP: 46/64 MP: 10/16
  9014 | D:6      | Reached skill level 10 in Necromancy
  9023 | D:6      | Reached * piety under Kikubaaqudgha
  9023 | D:6      | Identified Kikubaaqudgha's Compendium of Evil
                  | (Kikubaaqudgha gifted it to you on level 6 of the Dungeon)
  9023 | D:6      | Received a gift from Kikubaaqudgha
  9405 | D:7      | Reached skill level 1 in Shields
  9524 | D:7      | Found a hide-covered altar of Uskayaw.
 10288 | D:8      | Reached skill level 5 in Shields
 10289 | D:8      | Found a sand-covered staircase.
 10313 | Ossuary  | Entered an ossuary
 10333 | Ossuary  | Reached ** piety under Kikubaaqudgha
 10506 | Ossuary  | Gained mutation: You have hoof-like feet. [demonic
                  | ancestry]
 10506 | Ossuary  | Reached XP level 10. HP: 47/70 MP: 17/17
 11063 | D:8      | Reached skill level 11 in Necromancy
 11078 | D:8      | Found an opulent altar of Gozag.
 11173 | D:8      | Reached *** piety under Kikubaaqudgha
 11173 | D:8      | Identified Kikubaaqudgha's Catalogue of Sinister Rituals
                  | (Kikubaaqudgha gifted it to you on level 8 of the Dungeon)
 11173 | D:8      | Received a gift from Kikubaaqudgha
 11177 | D:8      | Noticed Joseph
 11181 | D:8      | Noticed Psyche
 11197 | D:8      | Killed Joseph
 11197 | D:8      | Reached skill level 5 in Short Blades
 11393 | D:8      | Killed Psyche
 11404 | D:8      | Learned a level 5 spell: Borgnjor's Vile Clutch
 11409 | D:8      | Learned a level 4 spell: Dispel Undead
 11520 | D:8      | Reached skill level 1 in Earth Magic
 12025 | D:8      | Noticed an ice statue
 12185 | D:9      | Noticed a death yak
 12187 | D:9      | Found a staircase to the Lair.
 12428 | D:9      | Noticed a two-headed ogre
 12437 | D:9      | Killed a two-headed ogre
 12437 | D:9      | Reached skill level 5 in Earth Magic
 12629 | D:9      | Found a blossoming altar of Fedhas.
 12696 | D:9      | Noticed a death yak
 12696 | D:9      | Noticed a death yak
 12744 | D:9      | Killed a death yak
 12758 | D:9      | Killed a death yak
 12758 | D:9      | Gained mutation: You are mostly covered in thin metallic
                  | scales. (AC +3) [demonic ancestry]
 12758 | D:9      | Reached XP level 11. HP: 76/76 MP: 6/19
 13032 | D:9      | Reached **** piety under Kikubaaqudgha
 13172 | D:9      | Killed a death yak
 13291 | D:10     | Entered Level 10 of the Dungeon
 13971 | D:10     | Reached skill level 5 in Fighting
 14147 | Lair:1   | Entered Level 1 of the Lair of Beasts
 14358 | Lair:1   | Reached ***** piety under Kikubaaqudgha
 14431 | Lair:1   | Noticed a five-headed hydra
 14644 | D:11     | Noticed a five-headed hydra
 14855 | D:10     | Killed a five-headed hydra
 14916 | D:11     | Got a translucent leather armour
 14917 | D:11     | Identified the cursed +0 leather armour "Pyely" {rElec
                  | Str+6 Slay+2} (You found it on level 11 of the Dungeon)
 14932 | D:11     | Found a staircase to the Orcish Mines.
 14949 | D:11     | Reached skill level 1 in Armour
 15432 | D:11     | Learned a level 1 spell: Summon Butterflies
 15643 | D:11     | Reached skill level 5 in Armour
 15647 | D:11     | Reached skill level 1 in Summonings
 15842 | D:11     | Noticed a two-headed ogre
 15849 | D:11     | Killed a two-headed ogre
 15849 | D:11     | Reached XP level 12. HP: 39/85 MP: 2/22
 16025 | D:9      | Killed a five-headed hydra
 16540 | Lair:1   | Reached skill level 5 in Stealth
 16571 | Lair:1   | Reached skill level 5 in Dodging
 16894 | Lair:2   | Noticed a seven-headed hydra
 16906 | Lair:2   | Killed a seven-headed hydra
 17021 | Lair:2   | Found a hole to the Spider Nest.
 17210 | Lair:2   | Learned a level 4 spell: Summon Lightning Spire
 17353 | Lair:2   | Reached skill level 1 in Air Magic
 17886 | Lair:2   | Reached ****** piety under Kikubaaqudgha
 17891 | Lair:2   | Reached skill level 5 in Summonings
 17956 | Lair:3   | Noticed an eight-headed hydra
 17963 | Lair:3   | Killed an eight-headed hydra
 18942 | Lair:4   | Gained mutation: You are mostly covered in sharp spines.
                  | [demonic ancestry]
 18942 | Lair:4   | Reached XP level 13. HP: 82/92 MP: 18/23
 19311 | Lair:4   | Found a staircase to the Shoals.
 19571 | Lair:4   | Got a bloodstained quarterstaff
 20181 | D:5      | Bought a scroll of identify for 26 gold pieces
 20181 | D:5      | Bought a scroll of fear for 45 gold pieces
 20181 | D:5      | Bought a scroll of identify for 26 gold pieces
 20181 | D:5      | Bought a scroll of identify for 26 gold pieces
 20181 | D:5      | Bought a scroll of enchant weapon for 97 gold pieces
 20181 | D:5      | Bought a scroll of identify for 26 gold pieces
 20181 | D:5      | Bought a scroll of teleportation for 39 gold pieces
 20379 | Lair:5   | Found a viscous altar of Jiyva.
 20379 | Lair:5   | Found a staircase to the Slime Pits.
 20718 | Lair:5   | Noticed Sonja
 20845 | Lair:5   | Killed Sonja
 21259 | Lair:5   | Identified the +4 quarterstaff "Qaqoc" {vamp, Stlth+} (You
                  | found it on level 4 of the Lair of Beasts)
 21336 | Lair:5   | You fall into a shaft and drop 1 floor!
 21336 | Lair:6   | Entered Level 6 of the Lair of Beasts
 21522 | Lair:6   | Reached skill level 5 in Air Magic
 21783 | Lair:6   | Noticed Rupert
 21784 | Lair:6   | Paralysed by Rupert for 4 turns
 21793 | Lair:6   | Killed Rupert
 21804 | Lair:6   | Learned a level 5 spell: Excruciating Wounds
 21901 | Lair:6   | Got a slimy hand axe
 21902 | Lair:6   | Identified the cursed +0 hand axe of Summer {antimagic,
                  | Str+6} (You found it on level 6 of the Lair of Beasts)
 21985 | Lair:6   | Reached skill level 1 in Charms
 22034 | Lair:6   | Noticed a fire dragon
 22050 | Lair:6   | Killed a fire dragon
 22349 | Lair:6   | Gained mutation: You are completely covered in thin
                  | metallic scales. (AC +4, rElec) [demonic ancestry]
 22349 | Lair:6   | Reached XP level 14. HP: 99/99 MP: 18/26
 22476 | Lair:6   | Found a runed translucent door.
 22741 | Lair:6   | Reached skill level 5 in Charms
 23441 | Orc:1    | Entered Level 1 of the Orcish Mines
 23732 | Orc:1    | Noticed Urug
 23746 | Orc:1    | Killed Urug
 23819 | Orc:1    | Found a bloodstained altar of Trog.
 23824 | Orc:1    | Reached skill level 1 in Polearms
 23859 | Orc:1    | Found a transporter.
 23859 | Orc:1    | Found a transporter.
 23941 | Orc:1    | Found the ring of Phasing {EV+8}
 23967 | Orc:1    | Noticed Harold
 23993 | Orc:1    | Killed Harold
 23995 | Orc:1    | Identified the +0 broad axe "Qanac" {distort, *Corrode rF+
                  | rC+ Int+5}
 24042 | Orc:1    | Noticed mora's ghost (journeyman DDFi)
 24278 | Orc:1    | Gained mutation: You are significantly more attuned to the
                  | shadows. [demonic ancestry]
 24278 | Orc:1    | Reached XP level 15. HP: 104/104 MP: 27/27
 24280 | Orc:1    | Identified a +6 demon trident of pain (a +4 demon trident
                  | bloodied by Kikubaaqudgha)
 24280 | Orc:1    | Received a gift from Kikubaaqudgha
 24512 | Orc:1    | Killed mora's ghost
 24714 | Orc:1    | Found a one-way gate to the infinite horrors of the Abyss.
 24764 | Orc:2    | Entered Level 2 of the Orcish Mines
 24798 | Orc:2    | Found a staircase to the Elven Halls.
 24853 | Orc:2    | Noticed Snorg
 24862 | Orc:2    | Killed Snorg
 25021 | Orc:2    | Found Kaxus's General Store.
 25040 | Orc:2    | Bought a scroll of identify for 26 gold pieces
 25040 | Orc:2    | Bought a potion of haste for 130 gold pieces
 25394 | Orc:2    | Found Virras's General Store.
 25423 | Orc:2    | Found Ukuiw's Magic Scroll Emporium.
 25693 | Orc:2    | Found a radiant altar of Vehumet.
 26257 | Orc:2    | Reached skill level 10 in Polearms
 26408 | Orc:2    | Found Otughoaw's Antique Armour Boutique.
 26408 | Orc:2    | Found Yshrakk's Gadget Shop.
 26409 | Orc:2    | Found a one-way gate leading to the halls of Pandemonium.
 26530 | Orc:2    | Bought a scroll of remove curse for 42 gold pieces
 26530 | Orc:2    | Bought a scroll of teleportation for 42 gold pieces
 26530 | Orc:2    | Bought a scroll of fear for 49 gold pieces
 26530 | Orc:2    | Bought a scroll of teleportation for 42 gold pieces
 26530 | Orc:2    | Bought a scroll of summoning for 133 gold pieces
 26530 | Orc:2    | Bought a scroll of fog for 28 gold pieces
 28143 | D:13     | Reached skill level 12 in Necromancy
 28143 | D:13     | Gained mutation: You have hooves in place of feet. [demonic
                  | ancestry]
 28143 | D:13     | Reached XP level 16. HP: 100/112 MP: 22/28
 28241 | D:13     | Found an ancient bone altar of Kikubaaqudgha.
 29958 | D:14     | Found a gate to the Vaults.
 30522 | Spider:1 | Entered Level 1 of the Spider Nest
 30620 | Spider:1 | Reached skill level 13 in Necromancy
 30864 | Spider:1 | Learned a level 4 spell: Summon Ice Beast
 30951 | Spider:1 | Upgraded the game from 0.25-a0-663-gace7076f2c to
                  | 0.25-a0-665-ga69d64035b
 31387 | Spider:1 | Reached skill level 1 in Ice Magic
 33412 | Spider:3 | Noticed Arachne
 33428 | Spider:3 | Killed Arachne
 33630 | Spider:3 | Noticed Asterion
 33656 | Spider:3 | Killed Asterion
 34084 | Spider:4 | Entered Level 4 of the Spider Nest
 34211 | Spider:4 | Reached XP level 17. HP: 119/122 MP: 23/29
 34598 | Spider:4 | Learned a level 5 spell: Agony
 34893 | Spider:4 | Upgraded the game from 0.25-a0-665-ga69d64035b to
                  | 0.25-a0-667-gb977e01cb5
 35959 | Spider:4 | Reached skill level 14 in Necromancy
 36283 | Spider:4 | Reached skill level 5 in Ice Magic
 36732 | Spider:4 | Got a gossamer rune of Zot
 36962 | Shoals:1 | Entered Level 1 of the Shoals
 38522 | Shoals:2 | Identified the +9 scimitar "Myihone" {antimagic, +Inv rC+
                  | Dex+2} (You found it on level 2 of the Shoals)
 38928 | Shoals:2 | Reached skill level 15 in Necromancy
 39415 | Shoals:2 | Upgraded the game from 0.25-a0-667-gb977e01cb5 to
                  | 0.25-a0-713-g4845790874
 40021 | Shoals:3 | Upgraded the game from 0.25-a0-713-g4845790874 to
                  | 0.25-a0-719-gde951dce62
 40045 | Shoals:3 | HP: 6/126 [snapping turtle (11)]
 40453 | Vaults:1 | Entered Level 1 of the Vaults
 40730 | Vaults:1 | Gained mutation: You are completely attuned to the shadows.
                  | [demonic ancestry]
 40730 | Vaults:1 | Reached XP level 18. HP: 115/132 MP: 30/30
 40898 | Vaults:1 | Identified the +5 scale mail "Biddog" {rPois}
 40984 | Vaults:1 | Mangled by a vault warden (illusionary)

Levels and vault maps discovered:
D:1:      dpeg_arrival_leaves_temple_mockup, layout_loops_corners,
          minmay_3d_cube
D:2:      layout_loops_ring, old_standard_altar, minitemple, uniq_robin,
          uniq_natasha
D:3:      layout_basic, gammafunk_ghost_icy
D:4:      layout_basic, gammafunk_temple_overflow_arena,
          nicolae_overflow_crystal_walls, minmay_temple_entry_tees,
          first_ration, serial_shops, kennysheep_little_box, shop_fountains
D:5:      layout_rooms, lemuel_round_altar, lemuel_crystal_altar, serial_shops,
          shop_fountains, uniq_blork_the_orc, uniq_prince_ribbit1
D:6:      layout_rooms, st_stairs_9, uniq_sigmund, uniq_pikel
D:7:      layout_basic, old_standard_altar, serial_park_tiny_pond
D:8:      lemuel_ice_statue, layout_basic, lemuel_doored_altar, enter_ossuary_4,
          blue_anna_alchemist [blue_anna_fruit_fields, blue_anna_fruit_fields],
          uniq_psyche, uniq_joseph
D:9:      layout_stronghold, fedhas_altar_decomposition, dpeg_lair_monsters
D:10:     layout_irregular_city, serial_undead, serial_undead_f,
          serial_undead_c, serial_undead_d, serial_undead_f
D:11:     layout_irregular_city, zombieorc2_lemuel
D:12:     layout_long_grid
D:13:     layout_cave_pools, basic_altar
D:14:     layout_basic, hangedman_vaults_entry_quadrant_bands,
          hangedman_abyss_or_decor_jellyfish_corner
Temple:   cyrus_temple_forest
Lair:1:   layout_gridlike, lemuel_fruit_tree, minmay_lair_oklob_chamber
Lair:2:   layout_cave_pods, spider_nest_entry_a, disabler_island,
          infiniplex_staircase_pool
Lair:3:   layout_chaotic_city, serial_forest, infiniplex_forest_clump_large,
          infiniplex_forest_straight_4, infiniplex_forest_end_2,
          infiniplex_forest_clump_curved, infiniplex_forest_end_3,
          roderic_batcave, infiniplex_staircase_pool_2
Lair:4:   wander_river, layout_cave_pods, minmay_shoals_entry_beasts
Lair:5:   layout_long_grid, dpeg_slime_entry_enclosed_altar, uniq_sonja
Lair:6:   wormcave, layout_misc_corridors, guppyfry_lair_end_dragon,
          serial_bayou_shore_b, uniq_rupert
Shoals:1: layout_shoals, nicolae_shoals_siren_and_animal_friends
Shoals:2: layout_shoals
Shoals:3: layout_shoals, hangedman_shoal_volcano
Spider:1: layout_spider_delve, spiders_nest_spider_trap
Spider:2: layout_spider_delve
Spider:3: layout_chambers, uniq_arachne, uniq_asterion
Spider:4: spider_rune_water, zaba_anthell
Orc:1:    layout_caves, gammafunk_ghost_abyssal_escape, trog_butcher_becter,
          uniq_urug, uniq_harold
Orc:2:    pf_orc_diabolical, layout_diamond_mine, serial_shops,
          nicolae_shop_trees, basic_altar, uniq_snorg
Vaults:1: vaults_room_pool, hangedman_vaults_restitches, v_pattern_3,
          hangedman_vaults_nails, v_alt_pattern_6, ontoclasm_vaults_misaligned,
          vaults_room_stairs_pillars, st_cross, layout_vaults_quadrants,
          serial_shops, shop

Skill      XL: |  1  2  3  4  5  6  7  8  9 10 11 12 13 14 15 16 17 |
---------------+----------------------------------------------------+-----
Necromancy     | 5 6 7 9 10 11 12 13 15 | 15.6
Spellcasting   | 3 4 5 7 8 |  8.0
Fighting       | 1 2 3 4 5 6 7 9 |  9.3
Stealth        | 2 3 4 6 7 |  7.0
Throwing       | 3 |  3.2
Evocations     | 1 |  1.1
Short Blades   | 2 3 5 7 8 |  8.0
Shields        | 5 |  5.3
Earth Magic    | 5 |  5.0
Dodging        | 2 4 6 8 9 |  9.7
Armour         | 5 6 |  6.0
Summonings     | 3 5 7 |  7.4
Air Magic      | 2 5 |  5.1
Charms         | 2 6 |  6.1
Polearms       | 6 10 12 13 | 13.6
Ice Magic      | 3 5 |  5.1

Action                   |  1- 3 |  4- 6 |  7- 9 | 10-12 | 13-15 | 16-18 || total
-------------------------+-------+-------+-------+-------+-------+-------++-------
Melee: Hand axe          |    51 |   177 |   240 |       |       |       ||   468
       Kick              |       |    21 |   118 |   141 |   143 |   129 ||   552
       Short sword       |       |       |   137 |   185 |       |       ||   322
       Dagger            |       |       |    89 |   365 |   292 |       ||   746
       Demon trident     |       |       |       |       |   245 |   934 ||  1179
Throw: Boomerang         |       |     5 |    74 |       |       |       ||    79
       Dart              |       |     4 |    24 |     8 |     7 |     9 ||    52
       Stone             |       |       |       |     8 |       |       ||     8
       Javelin           |       |       |       |     7 |       |       ||     7
 Cast: Pain              |    42 |   102 |    44 |    76 |    64 |    69 ||   397
       Animate Skeleton  |     2 |     5 |     7 |    28 |    45 |    31 ||   118
       Vampiric Draining |       |    13 |    28 |    22 |    21 |    33 ||   117
       Animate Dead      |       |       |     5 |    24 |    17 |    22 ||    68
       Borgnjor's Vile C |       |       |       |    52 |   118 |   105 ||   275
       Dispel Undead     |       |       |       |    15 |    12 |     3 ||    30
       Summon Lightning  |       |       |       |     4 |    31 |    47 ||    82
       Excruciating Woun |       |       |       |       |     9 |       ||     9
       Summon Butterflie |       |       |       |       |     1 |       ||     1
       Summon Ice Beast  |       |       |       |       |       |    51 ||    51
Invok: Receive Corpses   |       |       |     1 |    13 |     7 |     6 ||    27
       Brand Weapon With |       |       |       |       |     1 |       ||     1
Evoke: Wand              |       |     1 |    11 |    25 |     6 |     3 ||    46
  Use: Potion            |     1 |     2 |     3 |       |     6 |     6 ||    18
       Scroll            |       |     8 |     8 |    15 |    12 |    19 ||    62
 Stab: Sleeping          |     7 |     6 |     8 |    36 |    24 |    32 ||   113
       Distracted        |       |       |       |     3 |    11 |    16 ||    30
       Confused          |       |       |       |       |     1 |       ||     1
       Held in net/web   |       |       |       |       |       |     1 ||     1
  Eat: Chunk             |     3 |     9 |     5 |    22 |    43 |    26 ||   108
       Ration            |       |     2 |     3 |     9 |     8 |    16 ||    38
Armor: Robe              |    15 |    59 |   103 |    38 |    23 |    88 ||   326
       Skin              |       |       |    14 |       |       |       ||    14
       Leather armour    |       |       |       |    39 |    24 |       ||    63
Dodge: Dodged            |    61 |   203 |   223 |   323 |   274 |   610 ||  1694
Block: Buckler           |       |       |    28 |   135 |    80 |   175 ||   418

Table legend:
 A = Non-vault XP
 B = Vault XP
 C = Vault XP percentage of total XP
 D = Non-vault monster count
 E = Vault monster count
 F = Vault count percentage of total count
                 A         B        C        D         E       F
            +---------+---------+-------+---------+---------+-------
      Total |  162786 |   90383 |  35.7 |     781 |     375 |  32.4
            +---------+---------+-------+---------+---------+-------
        D:1 |      35 |       8 |  18.6 |      20 |       4 |  16.7
        D:2 |     119 |      72 |  37.7 |      26 |      12 |  31.6
        D:3 |     121 |     166 |  57.8 |      21 |       7 |  25.0
        D:4 |     299 |     109 |  26.7 |      18 |       5 |  21.7
        D:5 |     532 |     364 |  40.6 |      14 |       2 |  12.5
        D:6 |     838 |     968 |  53.6 |      21 |       5 |  19.2
        D:7 |    1076 |       0 |   0.0 |      29 |       0 |   0.0
        D:8 |    1696 |    1332 |  44.0 |      44 |       6 |  12.0
        D:9 |    2952 |    2173 |  42.4 |      34 |       6 |  15.0
       D:10 |    2597 |     517 |  16.6 |      24 |       8 |  25.0
       D:11 |    7149 |     587 |   7.6 |      56 |      34 |  37.8
       D:12 |    6032 |       0 |   0.0 |      27 |       0 |   0.0
       D:13 |    5889 |       0 |   0.0 |      24 |       0 |   0.0
       D:14 |   13338 |    6730 |  33.5 |      37 |      20 |  35.1
     Lair:1 |    4812 |     542 |  10.1 |      26 |       1 |   3.7
     Lair:2 |    4467 |    1300 |  22.5 |      20 |       6 |  23.1
     Lair:3 |    3924 |     121 |   3.0 |      19 |       7 |  26.9
     Lair:4 |    1925 |     663 |  25.6 |       8 |       2 |  20.0
     Lair:5 |   10011 |     788 |   7.3 |      33 |       1 |   2.9
     Lair:6 |    8125 |   11585 |  58.8 |      33 |      31 |  48.4
   Shoals:1 |    7087 |    2837 |  28.6 |      19 |       4 |  17.4
   Shoals:2 |   19220 |       0 |   0.0 |      45 |       0 |   0.0
   Shoals:3 |    9485 |       0 |   0.0 |      21 |       0 |   0.0
   Spider:1 |   13094 |    2434 |  15.7 |      44 |      10 |  18.5
   Spider:2 |   11297 |       0 |   0.0 |      24 |       0 |   0.0
   Spider:3 |    7267 |    5226 |  41.8 |      22 |       2 |   8.3
   Spider:4 |    7971 |   26283 |  76.7 |      18 |      87 |  82.9
      Orc:1 |    2308 |    6735 |  74.5 |      15 |      14 |  48.3
      Orc:2 |    3141 |   17579 |  84.8 |      25 |      67 |  72.8
   Vaults:1 |    5979 |       0 |   0.0 |      14 |       0 |   0.0
    Ossuary |       0 |    1264 | 100.0 |       0 |      34 | 100.0
            +---------+---------+-------+---------+---------+-------
